 Dungeon Crawl Stone Soup version 0.28-a0-697-g47f3eba078 (webtiles) character file.

Game seed: 943519256872151310

28 anonymouscript the Skirmisher (level 3, -2/33 HPs)
             Began as a Hill Orc Fighter on Oct 24, 2021.
             Was a High Priest of Ignis.
             Slain by Sigmund (3 damage)
             ... on level 3 of the Dungeon.
             The game lasted 00:05:30 (612 turns).

anonymouscript the Skirmisher (Hill Orc Fighter)     Turns: 612, Time: 00:05:31

Health: -2/33      AC:  6    Str: 18    XL:     3   Next: 12%
Magic:  3/3        EV:  9    Int:  8    God:    Ignis [*****.]
Gold:   15         SH:  0    Dex: 11    Spells: 2/2 levels left

rFire   + . .      SeeInvis .   a - +0 war axe
rCold   . . .      Faith    .   c - +0 buckler
rNeg    . . .      Spirit   .   b - +0 scale mail
rPois   .          Reflect  .   (no helmet)
rElec   .          Harm     .   (no cloak)
rCorr   .          Rampage  .   (no gloves)
Will    .....                   (no boots)
Stlth   ..........              (no amulet)
HPRegen 0.11/turn               (no ring)
MPRegen 0.08/turn               (no ring)

@: confused, mighty, attractive
A: no striking features
a: Renounce Religion, Sea of Fire, Foxfire Swarm, Rising Flame


You were on level 3 of the Dungeon.
You worshipped Ignis.
Ignis was extremely pleased with you.
You visited 1 branch of the dungeon, and saw 3 of its levels.

You collected 15 gold pieces.

Inventory:

Hand Weapons
 a - a +0 war axe (weapon)
Missiles
 g - 19 poisoned darts (quivered)
 i - 33 stones
Armour
 b - a +0 scale mail (worn)
 c - a +0 buckler (worn)
Scrolls
 e - a scroll of fear {unknown}
 f - a scroll of fog {unknown}
 j - a scroll of immolation {unknown}


   Skills:
 + Level 4.1 Fighting
 + Level 3.0 Axes
 + Level 3.5 Armour
 + Level 3.8 Shields


You had 2 spell levels left.
You didn't know any spells.
Your spell library was empty.

Dungeon Overview and Level Annotations

Branches:
Dungeon (3/15)

Altars:
Ignis

Annotations:
D:3 Sigmund


Message History

Sigmund casts a spell at you.
You are confused.
Non-targeted confused throw: 20 darts (poison)
Press: ? - help, Q - select action, (/) - cycle Dir - look around, f - activate Look: Sigmund, wielding a +0 scythe and wearing a +0 robe You throw a poisoned dart.
Sigmund hits you but does no damage.
You are too confused!
A hobgoblin comes into view.
Sigmund hits you but does no damage.
You bump into the rock wall.
You bump into the rock wall.
Sigmund hits you with a +0 scythe!
Okay, then.
You feel very mighty all of a sudden. Sigmund casts a spell at you.
You are more confused.
You're too confused to move!
Sigmund hits you with a +0 scythe.
You are too confused!
It was a potion of attraction.
You feel attractive to monsters.
You bump into the rock wall.
Sigmund hits you but does no damage. Sigmund barely misses you.
Sigmund is attracted toward you. The hobgoblin is attracted toward you.
You see here a poisoned dart.
Your scale mail prevents you from hitting Sigmund.
You're too confused to move!
Sigmund casts a spell at you.
You are more confused.
The hobgoblin hits you.
You miss the hobgoblin. You hit Sigmund. Sigmund casts a spell at you.
The magic dart hits you!
The hobgoblin hits you but does no damage.
Sigmund hits you with a +0 scythe!
* * * LOW HITPOINT WARNING * * *
You closely miss the hobgoblin. You slash Sigmund!
The hobgoblin hits you but does no damage.
Sigmund hits you with a +0 scythe.
You die...

.. ##+# .# ##...##
.####### ##.....##
###........#
.#.......###..#.#.#.#.#.
$.........##...#.#.#.#.#.
..........'...#.#.#.#.#.#
#.......g@##...#@#.#.#.#.
#......@###..#.#.#.#.#.#
##....:## ###.#.#.#.#.#.
##...## ##.#.#.#.#.# ##+#
#$#.#.#.#.#. ##.#.#.#.#.#
#.#.#.#.#.#. ##.#.#.#.#.#
#.#.#.#.#.# #######.##..#


You could see Sigmund and a hobgoblin.

Vanquished Creatures
  An adder (D:2)
  An adder skeleton (D:2)
  A worm (D:2)
  2 ball pythons
  3 endoplasms (D:2)
  2 hobgoblins (D:2)
  2 frilled lizards (D:2)
  A kobold (D:2)
13 creatures vanquished.

Vanquished Creatures (others)
  4 fungi (D:2)
  3 plants (D:2)
7 creatures vanquished.

Grand Total: 20 creatures vanquished

Notes
Turn   | Place    | Note
-------+----------+-------------------------------------------
     0 | D:1      | anonymouscript the Hill Orc Fighter began the quest for the
                  | Orb.
     0 | D:1      | Reached XP level 1. HP: 19/19 MP: 1/1
   229 | D:2      | Reached XP level 2. HP: 27/27 MP: 2/2
   328 | D:2      | Reached skill level 4 in Fighting
   351 | D:2      | Reached XP level 3. HP: 17/33 MP: 3/3
   352 | D:2      | Found a faded altar of an unknown god.
   357 | D:2      | Prayed at the altar of an unknown god.
   357 | D:2      | Became a worshipper of Ignis, the Dying Flame
   588 | D:3      | Noticed Sigmund
   611 | D:3      | HP: 1/33 [Sigmund (11)]
   612 | D:3      | Slain by Sigmund

Illustrated notes

Levels and vault maps discovered:
D:1:      heliophobic_arrival_enchanted_forest, layout_basic,
          minmay_misc_feat_tower
D:2:      layout_basic, shapermc_ecumenical_altar_mp_urbaneastern, basic_altar,
          uniq_crazy_yiuf_cottage
D:3:      layout_loops_corners, grunt_decor_clamped,
          amcnicky_mini_rare_corridor_liquid, chequers_serial_rivers_large_a,
          minivault_23, nrook_mini_backslash, uniq_jessica, uniq_sigmund

Skill      XL: |  1  2 |
---------------+-------+-----
Fighting       | 4 |  4.1
Axes           | 3 |  3.0
Armour         | |  3.5
Shields        | |  3.8

Action                   || total
-------------------------++-------
Melee: War axe           ||    49
Throw: Dart              ||     3
  Use: Potion            ||     2
Armor: Scale mail        ||    25
Dodge: Dodged            ||    18
Block: Buckler           ||     8

Table legend: (Time is in decaauts)
 A = Elapsed time spent in this place.
 B = Non-inter-level travel time spent in this place.
 C = Inter-level travel time spent in this place.
 D = Time resting spent in this place.
 E = Time spent auto-exploring this place.
 F = Levels seen in this place.
 G = Mean time per level.
                   A        B        C        D        E       F      G
               +--------+--------+--------+--------+--------+-----+--------+
         Total |    629 |    629 |      0 |    216 |    179 |   3 |  209.7 |
       Dungeon |    629 |    629 |      0 |    216 |    179 |   3 |  209.7 |
               +--------+--------+--------+--------+--------+-----+--------+

Top non-repeatable levels by time:
     D:2: 458 daAuts
     D:1: 124 daAuts
     D:3: 45 daAuts
